 Dungeon Crawl Stone Soup version 0.25-a0-1079-g858b6a6ff6 (webtiles) character file.

Game seed: 2131143886930332768, levelgen mode: deterministic

4849 Gwenloh the Slinger (level 10, -1/65 HPs)
             Began as a Halfling Warper on May 14, 2020.
             Was a Priest of Okawaru.
             Slain by an eight-headed hydra (11 damage)
             ... on level 1 of the Lair of Beasts on May 15, 2020.
             The game lasted 01:43:46 (17913 turns).

Gwenloh the Slinger (Halfling Warper)              Turns: 17913, Time: 01:43:46

Health: -1/65      AC:  7    Str: 12    XL:     10   Next: 78%
Magic:  12/16      EV: 18    Int: 14    God:    Okawaru [***...]
Gold:   595        SH:  0    Dex: 15    Spells: 6/17 levels left

rFire    + + .     SeeInvis .   b - +1 hunting sling
rCold    x . .     Gourm    .   (shield restricted)
rNeg     . . .     Faith    +   e - +0 leather armour of Submission {rF++ rC- rCorr Stlth+}
rPois    +         Spirit   .   g - +2 hat
rElec    .         Reflect  .   B - +0 cloak
rCorr    +         Harm     .   j - +0 pair of gloves
MR       .....                  (no boots)
Stlth    ++........             i - amulet of faith
HPRegen  0.20/turn              x - ring of poison resistance
MPRegen  0.15/turn              n - ring of wizardry

@: no status effects
A: small, mutation resistance 1
a: Heroism, Renounce Religion


You were on level 1 of the Lair of Beasts.
You worshipped Okawaru.
Okawaru was most pleased with you.
You were not hungry.

You visited 3 branches of the dungeon, and saw 11 of its levels.

You collected 620 gold pieces.
You donated 25 gold pieces to Zin.

Inventory:

Hand Weapons
 a - a +0 short sword of speed
 b - a +1 hunting sling (weapon)
 p - a +2 falchion of holy wrath
 G - a +0 dagger of flaming
Missiles
 c - 234 stones (quivered)
 k - 32 sling bullets
 y - 39 poisoned darts
 D - a boomerang
 K - 6 atropa-tipped darts
Armour
 e - the +0 leather armour of Submission (worn) {rF++ rC- rCorr Stlth+}
   (You found it on level 5 of the Dungeon)

   It greatly protects you from fire.
   It makes you vulnerable to cold.
   It provides partial protection from all sources of acid and corrosion.
   It makes you more stealthy.
 g - a +2 hat (worn)
 j - a +0 pair of gloves (worn)
 B - a +0 cloak (worn)
 F - the cursed +0 robe of Mouxywe {+Inv MR+}
   (You took it off an orc on level 7 of the Dungeon)

   It affects your resistance to hostile enchantments.
   It lets you turn invisible.
   It has a curse placed upon it.
 P - a +0 buckler
Jewellery
 i - an amulet of faith (around neck)
 m - an uncursed ring of protection from fire
 n - a ring of wizardry (right hand)
 x - a ring of poison resistance (left hand)
 z - an uncursed ring of protection from cold
 I - an uncursed ring of positive energy
Wands
 N - a wand of random effects (11)
Scrolls
 d - 2 scrolls of blinking
 h - 3 scrolls of amnesia
 o - 7 scrolls of teleportation
 s - a scroll of noise
 t - a scroll of remove curse
 C - a scroll of fog
 O - a scroll of magic mapping
Potions
 l - a potion of curing
 q - a potion of magic {unknown}
 r - 2 potions of resistance {unknown}
 u - 2 potions of lignification {unknown}
 v - a potion of invisibility {unknown}
 w - 2 potions of flight {unknown}
 A - 2 potions of might {unknown}
 L - 2 potions of mutation {unknown}
Comestibles
 f - 10 rations


   Skills:
 + Level 4.9 Fighting
 + Level 6.1 Short Blades
 * Level 9.8(9.9) Slings
 - Level 1.0(4.3) Throwing
 - Level 3.0 Armour
 + Level 6.0 Dodging
 + Level 4.0 Spellcasting
 - Level 5.0 Charms
 * Level 8.1 Translocations
 + Level 2.2 Invocations


You had 6 spell levels left.
You knew the following spells:

 Your Spells              Type           Power        Failure   Level  Hunger
a - Blink                 Tloc           N/A          1%          2    ##.....
b - Shroud of Golubria    Chrm/Tloc      ###...       1%          2    ##.....
c - Passage of Golubria   Tloc           N/A          3%          4    ####...
d - Gell's Gravitas       Tloc           ####......   1%          3    ###....

Your spell library contained the following spells:

 Spells                   Type           Power        Failure   Level  Hunger
 Lesser Beckoning         Tloc           ####......   1%          3    ###....
 Teleport Other           Tloc           ####....     1%          3    ###....
 Foxfire                  Conj/Fire      #...         10%         1    None
 Sandblast                Erth           #.....       10%         1    None
 Passwall                 Tmut/Erth      #.......     16%         2    ##.....
 Conjure Flame            Conj/Fire      #.......     28%         3    ###....
 Inner Flame              Hex/Fire       #.......     28%         3    ###....
 Stone Arrow              Conj/Erth      #.....       28%         3    ###....
 Petrify                  Tmut/Erth      #.......     65%         4    ####...
 Sticky Flame             Conj/Fire      #.......     65%         4    ####...
 Fireball                 Conj/Fire      #.........   92%         5    ######.
 Lee's Rapid Deconstruct  Erth           #.........   92%         5    ######.


Dungeon Overview and Level Annotations

Branches:
Dungeon (8/15)             Temple (1/1) D:4            Lair (2/6) D:8
  Swamp: Lair:2-4    Shoals: Lair:2-4     Snake: Lair:2-4    Spider: Lair:2-4

Altars:
Ashenzari
Cheibriados
Dithmenos
Elyvilon
Fedhas
Gozag
Hepliaklqana
Kikubaaqudgha
Makhleb
Nemelex Xobeh
Okawaru
Qazlal
Ru
Sif Muna
Trog
Uskayaw
Vehumet
Wu Jian
Xom
Yredelemnul
Zin
The Shining One

Shops:
D:5 (

Annotations:
D:4 1 runed translucent door, Flugslaktarn's ghost, amateur MiFi


Innate Abilities, Weirdness & Mutations

You are small and have problems with some larger weapons.
You are somewhat resistant to further mutation.


Message History

You feel like a meek peon again.
Casting: Shroud of Golubria (safe; 1% risk of failure)
Confirm with . or Enter, or press ? or * to list all spells.
Aiming: Passage of Golubria (dangerous; 3% risk of failure)
Press: ? - help, Dir - move target cursor, p - spiny frog The eight-headed hydra misses you. x2
The eight-headed hydra bites you but does no damage.
The eight-headed hydra closely misses you.
The eight-headed hydra bites you. x2
The eight-headed hydra closely misses you.
The eight-headed hydra bites you!
The eight-headed hydra bites you but does no damage.
The eight-headed hydra closely misses you.
The eight-headed hydra completely misses you.
The eight-headed hydra bites you! x2
* * * LOW HITPOINT WARNING * * *
The eight-headed hydra bites you.
* * * LOW HITPOINT WARNING * * *
The eight-headed hydra bites you!
You die...

### ###### #.#######
.....#####.......#############
........#........#...#...#...#
....###[.+.........##....#.#.####
....# ##.#.^....@DF..#.#.#.#.DF..
....# ###......^#...#.#...######
....# #.......#...#...#...# #
....# ####+.###.#.P.#.###.# ....#
#..## #...........# #.#P# #.##
####..#.#.+.# ##### ##..#
######..## # #..## ##.## ####
#..# ####P..#


You could see an eight-headed hydra and a spiny frog.

Vanquished Creatures
  Pikel (D:7)
  A spiny frog (Lair:1)
  Prince Ribbit (D:7)
  2 hippogriffs (D:7)
  A soldier ant (D:7)
  3 water moccasins
  3 orc warriors
  A sky beast (D:6)
  An ice beast (D:6)
  3 black bears
  A slave (D:7)
  2 ogres
  A crocodile (Lair:1)
  8 bullfrogs
  4 killer bees
  A wight (D:7)
  An electric eel (Lair:1)
  4 crimson imps
  A centaur zombie (D:5)
  A jelly (D:7)
  2 bullfrog zombies (D:5)
  3 orc priests
  A gnoll shaman (D:8)
  6 hounds
  10 orc wizards
  2 iguanas
  Terence (D:3)
  9 worker ants
  A hound skeleton (D:7)
  8 gnolls
  7 adders
  3 shadow imps
  An adder skeleton (D:4)
  A worm (D:2)
  4 dart slugs
  6 leopard geckos
  26 orcs
  3 bats
  9 giant cockroaches
  10 goblins
  6 hobgoblins
  6 jackals
  6 kobolds
  A quokka (D:4)
  2 ball pythons
  A frilled lizard (D:1)
  9 rats
185 creatures vanquished.

Vanquished Creatures (others)
  2 slaves (D:8)
  A hound (D:8)
  A worker ant (D:8)
  3 gnolls (D:8)
  A plant (Lair:1)
8 creatures vanquished.

Grand Total: 193 creatures vanquished

Notes
Turn   | Place    | Note
-------+----------+-------------------------------------------
     0 | D:1      | Gwenloh the Halfling Warper began the quest for the Orb.
     0 | D:1      | Reached XP level 1. HP: 14/14 MP: 3/3
   136 | D:1      | Reached XP level 2. HP: 14/19 MP: 4/4
   219 | D:1      | Learned a level 2 spell: Blink
   222 | D:1      | Learned a level 2 spell: Shroud of Golubria
   509 | D:1      | Reached XP level 3. HP: 24/24 MP: 5/5
  1447 | D:2      | Reached skill level 1 in Charms
  1470 | D:2      | Reached XP level 4. HP: 20/29 MP: 6/6
  2165 | D:3      | Found a sacrificial altar of Ru.
  2252 | D:3      | Reached skill level 1 in Slings
  2252 | D:3      | Reached XP level 5. HP: 34/34 MP: 7/7
  2346 | D:3      | Noticed Terence
  2363 | D:3      | Killed Terence
  2638 | D:3      | Reached skill level 2 in Slings
  2865 | D:3      | Found a shattered altar of Ashenzari.
  3243 | D:4      | Found a staircase to the Ecumenical Temple.
  3346 | D:4      | Reached XP level 6. HP: 34/41 MP: 4/9
  3348 | D:4      | Found a white marble altar of Elyvilon.
  3465 | D:4      | Noticed an ogre
  3469 | D:4      | Killed an ogre
  3469 | D:4      | Reached skill level 3 in Slings
  3583 | Temple   | Entered the Ecumenical Temple
  3657 | Temple   | Became a worshipper of Zin the Law-Giver
  3657 | Temple   | Reached * piety under Zin
  3664 | D:4      | Found a runed translucent door.
  3668 | D:4      | Noticed Flugslaktarn's ghost (amateur MiFi)
  3927 | D:3      | Reached XP level 7. HP: 32/45 MP: 5/10
  4484 | D:4      | Found a blossoming altar of Fedhas.
  4497 | D:4      | Found a hide-covered altar of Uskayaw.
  4540 | D:4      | Reached skill level 4 in Slings
  5036 | D:4      | Learned a level 4 spell: Passage of Golubria
  5037 | D:5      | Entered Level 5 of the Dungeon
  6522 | D:5      | Reached XP level 8. HP: 52/52 MP: 11/11
  6659 | D:5      | Reached ** piety under Zin
  6842 | D:5      | Found Xocw's Antique Weapon Emporium.
  6952 | D:5      | Got a polished leather armour
  7044 | D:5      | Reached skill level 5 in Slings
  7319 | D:5      | Identified the cursed +0 leather armour of Submission {rF++
                  | rC- rCorr Stlth+} (You found it on level 5 of the Dungeon)
  7386 | D:6      | Reached skill level 5 in Translocations
  7942 | D:6      | Found an iron altar of Okawaru.
  7946 | D:6      | Found a snail-covered altar of Cheibriados.
  8126 | D:6      | Fell from the grace of Zin
  8126 | D:6      | Became a worshipper of Warmaster Okawaru
  8586 | D:6      | Reached skill level 6 in Slings
  8752 | D:6      | Upgraded the game from 0.25-a0-1073-gf4359a17dd to
                  | 0.25-a0-1079-g858b6a6ff6
  8873 | D:6      | Reached XP level 9. HP: 43/57 MP: 9/13
 10353 | D:7      | Noticed Prince Ribbit
 10375 | D:7      | Reached skill level 7 in Slings
 10387 | D:7      | Killed Prince Ribbit
 10387 | D:7      | Reached * piety under Okawaru
 11341 | D:7      | Reached skill level 5 in Dodging
 12366 | D:7      | Noticed a hippogriff
 12429 | D:6      | Reached skill level 5 in Short Blades
 12429 | D:6      | Reached skill level 8 in Slings
 12629 | D:7      | Noticed a hippogriff
 12933 | D:7      | Identified the cursed +0 robe of Mouxywe {+Inv MR+}
 13829 | D:7      | Reached XP level 10. HP: 61/64 MP: 1/15
 14015 | D:7      | Reached ** piety under Okawaru
 14166 | D:7      | Reached skill level 5 in Charms
 14855 | D:8      | Noticed Pikel
 14900 | D:7      | Killed Pikel
 14900 | D:7      | Reached skill level 9 in Slings
 14900 | D:7      | Reached skill level 1 in Invocations
 15061 | D:8      | Found a staircase to the Lair.
 15426 | D:8      | Found a radiant altar of Vehumet.
 15525 | D:8      | Learned a level 3 spell: Gell's Gravitas
 16457 | Lair:1   | Entered Level 1 of the Lair of Beasts
 16894 | Lair:1   | Reached *** piety under Okawaru
 17333 | Lair:2   | Noticed a spiny frog
 17452 | Lair:1   | Noticed a seven-headed hydra
 17469 | Lair:1   | Noticed a spiny frog
 17593 | Lair:1   | Killed a spiny frog
 17885 | Lair:1   | Noticed a spiny frog
 17886 | Lair:1   | Noticed an eight-headed hydra
 17913 | Lair:1   | Slain by an eight-headed hydra

Illustrated notes

Levels and vault maps discovered:
D:1:      ebering_hopf_link, layout_loops_corners
D:2:      layout_basic, first_ration
D:3:      layout_basic, old_standard_altar, nicolae_ru_awakened_eye,
          uniq_terence
D:4:      layout_cave_pools, elyvilon_altar_3, grunt_temple_overflow_open,
          minmay_temple_entry_large_hall, hellmonk_ghost_happy_afterlife,
          grunt_ministairs_2
D:5:      layout_basic, serial_shops,
          nicolae_shop_temple_entry_statues_fountains
D:6:      layout_gridville, minitemple
D:7:      minmay_the_grid_four_pointed_star
          [minmay_the_grid_triangle_9x9_sparse_checkered,
          minmay_the_grid_triangle_9x9_semitri,
          minmay_the_grid_triangle_9x9_sprig,
          minmay_the_grid_triangle_9x9_dagger,
          minmay_the_grid_prize_inner_circle], layout_cave_pools,
          uniq_prince_ribbit1
D:8:      layout_gridville, kennysheep_mini, dpeg_oklobed_lair, uniq_pikel
Temple:   zaba_magenta_temple
Lair:1:   layout_roguey, portal_ice_cave_entry_pillars_2,
          infiniplex_staircase_pool
Lair:2:   layout_cave_pods, minivault_24, forest_entry_grove

Skill      XL: |  1  2  3  4  5  6  7  8  9 10 |
---------------+-------------------------------+-----
Fighting       | 2 3 4 |  4.9
Charms         | 1 2 3 4 5 |  5.0
Slings         | 1 2 3 4 6 8 9 |  9.8
Armour         | 2 3 |  3.0
Dodging        | 3 4 5 6 |  6.0
Spellcasting   | 2 3 4 |  4.0
Translocations | 4 5 7 8 |  8.1
Short Blades   | 3 4 5 6 |  6.1
Invocations    | 2 |  2.2
Throwing       | |  1.0

Action                   |  1- 3 |  4- 6 |  7- 9 | 10-12 || total
-------------------------+-------+-------+-------+-------++-------
Melee: Short sword       |   116 |    94 |   299 |   203 ||   712
       Unarmed           |       |     3 |       |       ||     3
       Falchion          |       |       |    28 |       ||    28
       Punch             |       |       |       |     1 ||     1
 Fire: Hunting sling     |       |   139 |   738 |   221 ||  1098
Throw: Stone             |    85 |    33 |    12 |       ||   130
       Boomerang         |     1 |     2 |     3 |       ||     6
       Dart              |       |       |     8 |     1 ||     9
 Cast: Blink             |       |    11 |    92 |    45 ||   148
       Shroud of Golubri |       |     3 |    25 |    11 ||    39
       Passage of Golubr |       |       |     3 |     6 ||     9
       Gell's Gravitas   |       |       |       |     2 ||     2
Invok: Heroism           |       |       |       |     4 ||     4
Evoke: Wand              |       |       |     8 |     7 ||    15
  Use: Scroll            |       |       |     4 |     8 ||    12
       Potion            |       |       |       |     1 ||     1
  Eat: Chunk             |     2 |     8 |    21 |     8 ||    39
       Ration            |       |       |     5 |     3 ||     8
Armor: Leather armour    |    36 |    35 |   154 |    37 ||   262
       Skin              |       |     1 |       |       ||     1
Dodge: Dodged            |    72 |   123 |   422 |   186 ||   803
       Rpst.: Falchion   |       |       |     5 |       ||     5

Table legend:
 A = Non-vault XP
 B = Vault XP
 C = Vault XP percentage of total XP
 D = Non-vault monster count
 E = Vault monster count
 F = Vault count percentage of total count
                 A         B        C        D         E       F
            +---------+---------+-------+---------+---------+-------
      Total |    4519 |    2409 |  34.8 |     163 |      22 |  11.9
            +---------+---------+-------+---------+---------+-------
        D:1 |      47 |       0 |   0.0 |      24 |       0 |   0.0
        D:2 |      44 |       0 |   0.0 |      16 |       0 |   0.0
        D:3 |     190 |      32 |  14.4 |      24 |       1 |   4.0
        D:4 |     583 |      18 |   3.0 |      23 |       2 |   8.0
        D:5 |     246 |       0 |   0.0 |      11 |       0 |   0.0
        D:6 |    1198 |     133 |  10.0 |      29 |       1 |   3.3
        D:7 |     813 |    2226 |  73.2 |      22 |      18 |  45.0
        D:8 |     328 |       0 |   0.0 |       7 |       0 |   0.0
     Lair:1 |    1070 |       0 |   0.0 |       7 |       0 |   0.0
            +---------+---------+-------+---------+---------+-------
